MLB
ARIZONA DIAMONDBACKS @ PHILADELPHIA PHILLIES
06/29/2020
 
TOP OF THE 1ST
Arizona Diamondbacks batting - Pitching for Philadelphia Phillies : LHP Patrick Sandoval
Pitching: LHP Patrick Sandoval
Batting: RHB Ramon Laureano 0-0: Ball
1-0: Foul Ball, location: 2F
1-1: Fly out, F9 (Flyball, 9LS, EV 88.8 MPH)
Batting: RHB Fernando Tatis Jr. 0-0: Ball
1-0: Foul Ball, location: 2F
1-1: Ball
2-1: Called Strike
2-2: Foul Ball, location: 2F
2-2: Foul Ball, location: 2F
2-2: Strikes out swinging
Batting: RHB Gleyber Torres 0-0: Called Strike
0-1: Foul Ball, location: 2F
0-2: Ball
1-2: Ball
2-2: Foul Ball, location: 2F
2-2: Foul Ball, location: 2F
2-2: Foul Ball, location: 2F
2-2: Hit by Pitch
Batting: RHB Anthony Rendon 0-0: Ball
1-0: Foul Ball, location: 2F
1-1: Foul Ball, location: 2F
1-2: Fielders Choice at 2nd, U4 (Groundball, 4M, EV 95.0 MPH)
Top of the 1st over - 0 runs, 0 hits, 0 errors, 1 left on base; Arizona 0 - Philadelphia 0
BOTTOM OF THE 1ST
Philadelphia Phillies batting - Pitching for Arizona Diamondbacks : RHP Austin Voth
Pitching: RHP Austin Voth
Batting: RHB A.J. Pollock 0-0: Ball
1-0: Foul Ball, location: 2F
1-1: Foul Ball, location: 2F
1-2: Fly out, F5 (Flyball, 5D, EV 96.9 MPH)
Batting: RHB Wilmer Flores 0-0: Ball
1-0: Called Strike
1-1: Swinging Strike
1-2: Strikes out swinging
Batting: SHB Ketel Marte 0-0: Ball
1-0: Foul Ball, location: 2F
1-1: Ball
2-1: Ball
3-1: Swinging Strike
3-2: Strikes out swinging
Bottom of the 1st over - 0 runs, 0 hits, 0 errors, 0 left on base; Arizona 0 - Philadelphia 0
TOP OF THE 2ND
Arizona Diamondbacks batting - Pitching for Philadelphia Phillies : LHP Patrick Sandoval
Batting: LHB Alex Verdugo 0-0: Ball
1-0: Ball
2-0: Ball
3-0: Called Strike
3-1: Foul Ball, location: 2F
3-2: Foul Ball, location: 2F
3-2: Strikes out swinging
Batting: RHB Christian Walker 0-0: Swinging Strike
0-1: Ball
1-1: Swinging Strike
1-2: Strikes out swinging
Batting: SHB Francisco Mejia 0-0: Called Strike
0-1: Ball
1-1: Ball
2-1: Swinging Strike
2-2: DOUBLE (Line Drive, 8LD, EV 100.6 MPH)
Batting: LHB Raimel Tapia 0-0: Ground out 4-3 (Groundball, 4, EV 81.3 MPH)
Top of the 2nd over - 0 runs, 1 hit, 0 errors, 1 left on base; Arizona 0 - Philadelphia 0
BOTTOM OF THE 2ND
Philadelphia Phillies batting - Pitching for Arizona Diamondbacks : RHP Austin Voth
Batting: RHB Justin Turner 0-0: Ball
1-0: Ball
2-0: Ground out U3 (Groundball, 3, EV 106.3 MPH)
Batting: RHB Giancarlo Stanton 0-0: Ball
1-0: Called Strike
1-1: Called Strike
1-2: Ball
2-2: Ball
3-2: Strikes out swinging
Batting: RHB Scott Kingery 0-0: Ball
1-0: Ball
2-0: Called Strike
2-1: Ground out 5-3 (Groundball, 5, EV 81.9 MPH)
Bottom of the 2nd over - 0 runs, 0 hits, 0 errors, 0 left on base; Arizona 0 - Philadelphia 0
TOP OF THE 3RD
Arizona Diamondbacks batting - Pitching for Philadelphia Phillies : LHP Patrick Sandoval
Batting: RHB Austin Voth 0-0: Ball
1-0: Swinging Strike
1-1: Ball
2-1: Ball
3-1: Foul Ball, location: 2F
3-2: Foul Ball, location: 2F
3-2: Ground out 5-3 (Groundball, 56, EV 105.0 MPH)
Batting: RHB Ramon Laureano 0-0: Called Strike
0-1: Ball
1-1: Ball
2-1: Swinging Strike
2-2: Ball
3-2: Base on Balls
Batting: RHB Fernando Tatis Jr. 0-0: Called Strike
0-1: Ball
1-1: Ball
2-1: Called Strike
2-2: Foul Ball, location: 2F
2-2: Fielders Choice at 2nd, 6-4 (Groundball, 6, EV 91.3 MPH)
Batting: RHB Gleyber Torres 0-0: Fly out, F8 (Flyball, 89XD, EV 91.3 MPH)
Top of the 3rd over - 0 runs, 0 hits, 0 errors, 1 left on base; Arizona 0 - Philadelphia 0
BOTTOM OF THE 3RD
Philadelphia Phillies batting - Pitching for Arizona Diamondbacks : RHP Austin Voth
Batting: LHB Adam Haseley 0-0: Foul Ball, location: 2F
0-1: Ball
1-1: Called Strike
1-2: Foul Ball, location: 2F
1-2: Foul Ball, location: 2F
1-2: Ball
2-2: SOLO HOME RUN (Flyball, 9D, EV 86.9 MPH), Distance : 397 ft
Batting: RHB Tres Barrera 0-0: Ball
1-0: Ball
2-0: Called Strike
2-1: Ground out 5-3 (Groundball, 56S, EV 90.0 MPH)
Batting: LHB Patrick Sandoval 0-0: Called Strike
0-1: Ball
1-1: Ball
2-1: Ground out 6-3 (Groundball, 6, EV 106.9 MPH)
Batting: RHB A.J. Pollock 0-0: Called Strike
0-1: Ground out 5-3 (Groundball, 56S, EV 63.1 MPH)
Bottom of the 3rd over - 1 run, 1 hit, 0 errors, 0 left on base; Arizona 0 - Philadelphia 1
TOP OF THE 4TH
Arizona Diamondbacks batting - Pitching for Philadelphia Phillies : LHP Patrick Sandoval
Batting: RHB Anthony Rendon 0-0: Ball
1-0: Swinging Strike
1-1: Called Strike
1-2: Strikes out looking
Batting: LHB Alex Verdugo 0-0: Called Strike
0-1: Fly out, F8 (Flyball, 8RM, EV 83.1 MPH)
Batting: RHB Christian Walker 0-0: Called Strike
0-1: Foul Ball, location: 2F
0-2: Ball
1-2: Fly out, F7 (Flyball, 7S, EV 93.8 MPH)
Top of the 4th over - 0 runs, 0 hits, 0 errors, 0 left on base; Arizona 0 - Philadelphia 1
BOTTOM OF THE 4TH
Philadelphia Phillies batting - Pitching for Arizona Diamondbacks : RHP Austin Voth
Batting: RHB Wilmer Flores 0-0: Ball
1-0: Ball
2-0: Foul Ball, location: 2F
2-1: Swinging Strike
2-2: Ball
3-2: DOUBLE (Flyball, 89D, EV 99.4 MPH)
Batting: SHB Ketel Marte 0-0: Called Strike
0-1: Ground out 6-3 (Groundball, 6, EV 85.6 MPH)
Batting: RHB Justin Turner 0-0: Ball
1-0: SINGLE (Line Drive, 5D, EV 95.6 MPH)
Wilmer Flores to third
Batting: RHB Giancarlo Stanton 0-0: Ball
1-0: Fly out, F9 (Flyball, 9, EV 78.8 MPH)
Runner from 3rd tags up, SCORES, throw by RF
Batting: RHB Scott Kingery 0-0: Ball
1-0: Fielders Choice at 2nd, 6-4 (Groundball, 6, EV 101.9 MPH)
Bottom of the 4th over - 1 run, 2 hits, 0 errors, 1 left on base; Arizona 0 - Philadelphia 2
TOP OF THE 5TH
Arizona Diamondbacks batting - Pitching for Philadelphia Phillies : LHP Patrick Sandoval
Batting: SHB Francisco Mejia 0-0: Called Strike
0-1: Ground out 6-3 (Groundball, 6, EV 107.5 MPH)
Batting: LHB Raimel Tapia 0-0: Called Strike
0-1: Ball
1-1: Ball
2-1: Foul Ball, location: 2F
2-2: Strikes out swinging
Batting: RHB Austin Voth 0-0: Swinging Strike
0-1: Ball
1-1: Foul Ball, location: 2F
1-2: SINGLE (Line Drive, 8RS, EV 112.5 MPH)
Batting: RHB Ramon Laureano 0-0: Ball
1-0: Called Strike
1-1: Swinging Strike
1-2: SINGLE (Line Drive, 4D, EV 96.9 MPH)
Austin Voth to second
Batting: RHB Fernando Tatis Jr. 0-0: Ball
1-0: Foul Ball, location: 2F
1-1: Ball
2-1: Swinging Strike
2-2: Ball
3-2: Foul Ball, location: 2F
3-2: Strikes out looking
Top of the 5th over - 0 runs, 2 hits, 0 errors, 2 left on base; Arizona 0 - Philadelphia 2
BOTTOM OF THE 5TH
Philadelphia Phillies batting - Pitching for Arizona Diamondbacks : RHP Austin Voth
Batting: LHB Adam Haseley 0-0: Ball
1-0: Foul Ball, location: 2F
1-1: Foul Ball, location: 2F
1-2: Foul Ball, location: 2F
1-2: Strikes out swinging
Batting: RHB Tres Barrera 0-0: Ball
1-0: Ball
2-0: Foul Ball, location: 2F
2-1: Swinging Strike
2-2: Strikes out swinging
Batting: LHB Patrick Sandoval 0-0: Ground out 3-1 (Groundball, 34, EV 86.3 MPH)
Bottom of the 5th over - 0 runs, 0 hits, 0 errors, 0 left on base; Arizona 0 - Philadelphia 2
TOP OF THE 6TH
Arizona Diamondbacks batting - Pitching for Philadelphia Phillies : LHP Patrick Sandoval
Pitching: RHP Miguel Castro
Batting: RHB Gleyber Torres 0-0: Ball
1-0: Called Strike
1-1: Ground out 5-3 (Groundball, 56, EV 101.9 MPH)
Batting: RHB Anthony Rendon 0-0: Called Strike
0-1: Ball
1-1: Fly out, F9 (Flyball, 9LS, EV 75.0 MPH)
Batting: LHB Alex Verdugo 0-0: Called Strike
0-1: Ball
1-1: Foul Ball, location: 2F
1-2: Foul Ball, location: 2F
1-2: Strikes out swinging
Top of the 6th over - 0 runs, 0 hits, 0 errors, 0 left on base; Arizona 0 - Philadelphia 2
BOTTOM OF THE 6TH
Philadelphia Phillies batting - Pitching for Arizona Diamondbacks : RHP Austin Voth
Batting: RHB A.J. Pollock 0-0: Fly out, F6 (Flyball, 56D, EV 94.4 MPH)
Batting: RHB Wilmer Flores 0-0: Called Strike
0-1: Fly out, F7 (Flyball, 78M, EV 91.3 MPH)
Batting: SHB Ketel Marte 0-0: Ball
1-0: Ball
2-0: Called Strike
2-1: Called Strike
2-2: Ball
3-2: Fly out, F7 (Flyball, 7D, EV 102.5 MPH)
Bottom of the 6th over - 0 runs, 0 hits, 0 errors, 0 left on base; Arizona 0 - Philadelphia 2
TOP OF THE 7TH
Arizona Diamondbacks batting - Pitching for Philadelphia Phillies : RHP Miguel Castro
Batting: RHB Christian Walker 0-0: Ball
1-0: Swinging Strike
1-1: Ball
2-1: Foul Ball, location: 2F
2-2: Strikes out looking
Batting: SHB Francisco Mejia 0-0: Foul Ball, location: 2F
0-1: Ball
1-1: Ball
2-1: Fly out, F8 (Flyball, 8LD, EV 100.0 MPH)
Batting: LHB Raimel Tapia 0-0: Called Strike
0-1: Called Strike
0-2: Ball
1-2: SOLO HOME RUN (Flyball, 9D, EV 95.0 MPH), Distance : 385 ft
Pinch Hitting: LHB Ryan McMahon 0-0: Ball
1-0: Ball
2-0: Foul Ball, location: 2F
2-1: Ball
3-1: SINGLE (Groundball, 6MD, EV 103.1 MPH)
Pitching: LHP Alex Claudio
Batting: RHB Ramon Laureano 0-0: Called Strike
0-1: Fly out, F7 (Flyball, 78XD, EV 98.8 MPH)
Top of the 7th over - 1 run, 2 hits, 0 errors, 1 left on base; Arizona 1 - Philadelphia 2
BOTTOM OF THE 7TH
Philadelphia Phillies batting - Pitching for Arizona Diamondbacks : RHP Austin Voth
Pitching: RHP Blake Treinen
Batting: RHB Justin Turner 0-0: Called Strike
0-1: Called Strike
0-2: Fly out, F8 (Line Drive, 8RM, EV 88.1 MPH)
Batting: RHB Giancarlo Stanton 0-0: Called Strike
0-1: Swinging Strike
0-2: Strikes out swinging
Batting: RHB Scott Kingery 0-0: Foul Ball, location: 2F
0-1: Swinging Strike
0-2: Ball
1-2: Fly out, F9 (Flyball, 9, EV 92.5 MPH)
Bottom of the 7th over - 0 runs, 0 hits, 0 errors, 0 left on base; Arizona 1 - Philadelphia 2
TOP OF THE 8TH
Arizona Diamondbacks batting - Pitching for Philadelphia Phillies : LHP Alex Claudio
Batting: RHB Fernando Tatis Jr. 0-0: Swinging Strike
0-1: Called Strike
0-2: Strikes out looking
Batting: RHB Gleyber Torres 0-0: Called Strike
0-1: Foul Ball, location: 2F
0-2: Ball
1-2: Strikes out swinging
Batting: RHB Anthony Rendon 0-0: Ball
1-0: Foul Ball, location: 2F
1-1: Ball
2-1: Foul Ball, location: 2F
2-2: Ball
3-2: Base on Balls
Batting: LHB Alex Verdugo 0-0: Foul Ball, location: 2F
0-1: Ball
1-1: Foul Ball, location: 2F
1-2: Ball
2-2: Ball
3-2: Foul Ball, location: 2F
3-2: Foul Ball, location: 2F
3-2: Foul Ball, location: 2F
3-2: Ground out 1-3 (Groundball, 34S, EV 73.1 MPH)
Top of the 8th over - 0 runs, 0 hits, 0 errors, 1 left on base; Arizona 1 - Philadelphia 2
BOTTOM OF THE 8TH
Philadelphia Phillies batting - Pitching for Arizona Diamondbacks : RHP Blake Treinen
Pitching: LHP Paul Fry
Batting: LHB Adam Haseley 0-0: Called Strike
0-1: Ball
1-1: Swinging Strike
1-2: Strikes out swinging
Batting: RHB Tres Barrera 0-0: DOUBLE (Flyball, 78XD, EV 95.0 MPH)
Pinch Hitting: RHB Carson Kelly 0-0: Swinging Strike
0-1: Ball
1-1: Called Strike
1-2: Ball
2-2: Strikes out swinging
Pitching: RHP Kodi Whitley
Batting: RHB A.J. Pollock 0-0: Ball
1-0: Ball
2-0: Called Strike
2-1: Called Strike
2-2: Strikes out swinging
Bottom of the 8th over - 0 runs, 1 hit, 0 errors, 1 left on base; Arizona 1 - Philadelphia 2
TOP OF THE 9TH
Arizona Diamondbacks batting - Pitching for Philadelphia Phillies : LHP Alex Claudio
Pitching: RHP Kenley Jansen
Now at SS: Jake Hager
Now in LF: Nicky Delmonico
Batting: RHB Christian Walker 0-0: SOLO HOME RUN (Flyball, 78XD, EV 110.6 MPH), Distance : 416 ft
Batting: SHB Francisco Mejia 0-0: Called Strike
0-1: Ball
1-1: Foul Ball, location: 2F
1-2: Ball
2-2: Foul Ball, location: 2F
2-2: Foul Ball, location: 2F
2-2: Foul Ball, location: 2F
2-2: Fly out, F7 (Flyball, 7LD, EV 100.0 MPH)
Batting: LHB Raimel Tapia 0-0: Ball
1-0: Ground out 4-3 (Groundball, 4M, EV 90.6 MPH)
Pinch Hitting: LHB Josh Reddick 0-0: Fly out, F8 (Line Drive, 8LM, EV 91.9 MPH)
Top of the 9th over - 1 run, 1 hit, 0 errors, 0 left on base; Arizona 2 - Philadelphia 2
BOTTOM OF THE 9TH
Philadelphia Phillies batting - Pitching for Arizona Diamondbacks : RHP Kodi Whitley
Pitching: RHP Brandon S. White
Batting: RHB Wilmer Flores 0-0: Ball
1-0: Ball
2-0: Ball
3-0: Foul Ball, location: 2F
3-1: Foul Ball, location: 2F
3-2: Foul Ball, location: 2F
3-2: Foul Ball, location: 2F
3-2: Base on Balls
Batting: LHB Nicky Delmonico 0-0: Foul Ball, location: 2F
0-1: Swinging Strike
0-2: Ball
Wild Pitch!
Wilmer Flores to second
1-2: Ball
2-2: Strikes out looking
Batting: RHB Justin Turner 0-0: Foul Ball, location: 2F
0-1: Ball
1-1: Ball
2-1: Called Strike
2-2: Ball
3-2: Base on Balls
Pitching: RHP J.B. Wendelken
Batting: RHB Giancarlo Stanton 0-0: Ball
1-0: Called Strike
1-1: Ball
2-1: Swinging Strike
2-2: Foul Ball, location: 2F
2-2: Foul Ball, location: 2F
2-2: Foul Ball, location: 2F
2-2: Ball
3-2: Foul Ball, location: 2F
3-2: Base on Balls
Wilmer Flores to third
Justin Turner to second
Batting: RHB Scott Kingery 0-0: Ball
1-0: Called Strike
1-1: Fly out, F3 (Line Drive, 3, EV 76.3 MPH)
Lined into DP, U3 (Line Drive, 3, EV 75.6 MPH)
Bottom of the 9th over - 0 runs, 0 hits, 0 errors, 2 left on base; Arizona 2 - Philadelphia 2
TOP OF THE 10TH
Arizona Diamondbacks batting - Pitching for Philadelphia Phillies : RHP Kenley Jansen
Batting: RHB Ramon Laureano 0-0: Fly out, F7 (Flyball, 7LS, EV 70.0 MPH)
Batting: RHB Fernando Tatis Jr. 0-0: Called Strike
0-1: Foul Ball, location: 2F
0-2: Strikes out looking
Batting: RHB Gleyber Torres 0-0: Called Strike
0-1: Foul Ball, location: 2F
0-2: Ball
1-2: Strikes out swinging
Top of the 10th over - 0 runs, 0 hits, 0 errors, 0 left on base; Arizona 2 - Philadelphia 2
BOTTOM OF THE 10TH
Philadelphia Phillies batting - Pitching for Arizona Diamondbacks : RHP J.B. Wendelken
Pitching: RHP Keone Kela
Batting: LHB Adam Haseley 0-0: Called Strike
0-1: SINGLE (Groundball, 3D, EV 95.0 MPH)
Batting: RHB Tres Barrera 0-0: Ball
1-0: Foul Ball, location: 2F
1-1: Foul Ball, location: 2F
1-2: Foul Ball, location: 2F
1-2: Foul Ball, location: 2F
1-2: Ball
2-2: Strikes out swinging
Batting: RHB Jake Hager 0-0: Ball
1-0: Ball
2-0: SINGLE (Groundball, 56D, EV 102.5 MPH)
Adam Haseley to second
Pinch Hitting: LHB David Peralta 0-0: Fly out, F8 (Flyball, 8LXD, EV 90.6 MPH)
Runner from 2nd tags up, SAFE at 3rd, no throw by CF
Batting: RHB Wilmer Flores 0-0: Called Strike
0-1: Ground out 4-3 (Groundball, 4D, EV 83.1 MPH)
Bottom of the 10th over - 0 runs, 2 hits, 0 errors, 2 left on base; Arizona 2 - Philadelphia 2
TOP OF THE 11TH
Arizona Diamondbacks batting - Pitching for Philadelphia Phillies : RHP Kenley Jansen
Pitching: RHP Lou Trivino
Batting: RHB Anthony Rendon 0-0: Ground out 6-3 (Groundball, 6S, EV 83.1 MPH)
Batting: LHB Alex Verdugo 0-0: Ground out 5-3 (Groundball, 56, EV 78.8 MPH)
Batting: RHB Christian Walker 0-0: Ball
1-0: Swinging Strike
1-1: Foul Ball, location: 2F
1-2: Ball
2-2: Foul Ball, location: 2F
2-2: Ball
3-2: Foul Ball, location: 2F
3-2: Foul Ball, location: 2F
3-2: Ground out 2-3 (Groundball, 13S, EV 70.6 MPH)
Top of the 11th over - 0 runs, 0 hits, 0 errors, 0 left on base; Arizona 2 - Philadelphia 2
BOTTOM OF THE 11TH
Philadelphia Phillies batting - Pitching for Arizona Diamondbacks : RHP Keone Kela
Batting: LHB Nicky Delmonico 0-0: Swinging Strike
0-1: Ball
1-1: Ball
2-1: Ball
3-1: Foul Ball, location: 2F
3-2: Base on Balls
Batting: RHB Justin Turner 0-0: Called Strike
0-1: Ball
1-1: Ball
2-1: Ball
3-1: Fly out, F4 (Popup, 4M, EV 70.6 MPH)
Batting: RHB Giancarlo Stanton 0-0: Ball
1-0: Called Strike
1-1: Foul Ball, location: 2F
1-2: Foul Ball, location: 2F
1-2: Strikes out looking
Batting: RHB Scott Kingery 0-0: Ball
1-0: Fly out, F8 (Flyball, 8LXD, EV 103.1 MPH)
Bottom of the 11th over - 0 runs, 0 hits, 0 errors, 1 left on base; Arizona 2 - Philadelphia 2
TOP OF THE 12TH
Arizona Diamondbacks batting - Pitching for Philadelphia Phillies : RHP Lou Trivino
Batting: SHB Francisco Mejia 0-0: DOUBLE (Flyball, 8RXD, EV 94.4 MPH)
Batting: LHB Raimel Tapia 0-0: Ball
1-0: Foul Ball, location: 2F
1-1: Foul Ball, location: 2F
1-2: Strikes out looking
Pinch Hitting: LHB Socrates Brito 0-0: Called Strike
0-1: Ball
1-1: Swinging Strike
1-2: Ball
2-2: DOUBLE (Line Drive, 78D, EV 110.0 MPH)
Francisco Mejia scores
Batting: RHB Ramon Laureano 0-0: Ball
1-0: Called Strike
1-1: Ball
2-1: Swinging Strike
2-2: Fly out, F9 (Flyball, 89D, EV 98.1 MPH)
Runner from 2nd tags up, SAFE at 3rd, no throw by RF
Batting: RHB Fernando Tatis Jr. 0-0: Ball
1-0: Foul Ball, location: 2F
1-1: Foul Ball, location: 2F
1-2: Ball
2-2: SINGLE (Line Drive, 7S, EV 88.1 MPH)
Socrates Brito scores
Pitching: RHP John Schreiber
Batting: RHB Gleyber Torres 0-0: Called Strike
0-1: Called Strike
0-2: Ball
1-2: Strikes out swinging
Top of the 12th over - 2 runs, 3 hits, 0 errors, 1 left on base; Arizona 4 - Philadelphia 2
BOTTOM OF THE 12TH
Philadelphia Phillies batting - Pitching for Arizona Diamondbacks : RHP Keone Kela
Pitching: LHP Eric Stout
Batting: LHB Adam Haseley 0-0: Ball
1-0: Ground out 4-3 (Groundball, 4, EV 80.6 MPH)
Batting: RHB Tres Barrera 0-0: SINGLE (Flyball, 4D, EV 91.9 MPH)
Batting: RHB Jake Hager 0-0: Ball
1-0: Ball
2-0: Ball
3-0: Base on Balls
Tres Barrera to second
Pinch Hitting: RHB Maikel Franco 0-0: 3-RUN HOME RUN (Flyball, 7D, EV 93.8 MPH), Distance : 373 ft
Bottom of the 12th over - 3 runs, 2 hits, 0 errors, 0 left on base; Arizona 4 - Philadelphia 5
Sunday, August 30th, 2020 - OOTP Baseball 21.5 Build 76